 Dungeon Crawl Stone Soup version 0.30-a0-949-g53dc5368d7 (webtiles) character file.

Game seed: 13721051240035766007

82739 Dirtsage the Severer (level 15, -10/105 (125) HPs)
             Began as a Demonspawn Fighter on Mar 27, 2023.
             Was the Champion of Makhleb.
             Mangled by Donald
             ... wielding a +5 double sword of draining
              (12 damage)
             ... on level 1 of the Spider Nest.
             The game lasted 00:52:57 (18356 turns).

Dirtsage the Severer (Demonspawn Fighter)          Turns: 18356, Time: 00:52:57

HP:   -10/105 (125) AC: 29    Str: 30    XL:     15   Next: 30%
MP:   25/25         EV: 16    Int: 11    God:    Makhleb [******]
Gold: 458           SH:  0    Dex: 12    Spells: 15/15 levels left

rFire   + . .      SeeInvis +    V - +0 broad axe
rCold   + . .      Faith    .    e - +5 Storm Queen's Shield {shock, Fly rElec}
rNeg    . . .      Spirit   .    f - +4 plate armour of the Weaver {Will+ Regen+ Str+4 Int-2}
rPois   +          Reflect  +    Z - +3 crown of Dyrovepreva {rElec Int+2 SInv}
rElec   +          Rampage  .    y - scarf {rC+ rF+}
rCorr   .                        U - +0 pair of gloves {Str+3}
Will    ++...                    T - +2 pair of boots {Stlth+} Stlth
                                 Q - amulet of reflection
HPRegen 1.17/turn                r - +5 ring of evasion
MPRegen 0.19/turn                P - ring of poison resistance

@: confused, mighty, agile, flying, heavily drained
A: rugged brown scales 3, foul stench 3, powered by pain 1, weakness stinger 2
a: Renounce Religion, Minor Destruction, Lesser Servant of Makhleb, Major
Destruction, Greater Servant of Makhleb


You were on level 1 of the Spider Nest.
You worshipped Makhleb.
Makhleb was exalted by your worship.
You visited 5 branches of the dungeon, and saw 21 of its levels.
You also visited: Ossuary and Ice Cave.

You collected 3115 gold pieces.
You spent 2657 gold pieces at shops.

Inventory:

Hand Weapons
 C - the +6 whip "Grim" {drain, rElec Str+2 Stlth+}
   (You found it on level 5 of the Dungeon)

   Str:       It affects your strength (+2).
   rElec:     It insulates you from electricity.
   Stlth:     It makes you more stealthy.
 V - a +0 broad axe (weapon)
Missiles
 Y - 2 curare-tipped darts (quivered)
Armour
 b - the +8 crystal plate armour of Contentment {Dex+2 SInv}
   (You acquired it on level 7 of the Dungeon)

   Dex:       It affects your dexterity (+2).
   SInv:      It lets you see invisible.
 e - the +5 Storm Queen's Shield (worn) {shock, Fly rElec}
   (You bought it in a shop on level 2 of the Orcish Mines)

   Shock:     When it blocks an attack, it may electrocute the attacker.
   This works even against foes who are a short distance away.
   rElec:     It insulates you from electricity.
   Fly:       It grants you flight.
 f - the +4 plate armour of the Weaver (worn) {Will+ Regen+ Str+4 Int-2}
   (You acquired it on level 7 of the Dungeon)

   Str:       It affects your strength (+4).
   Int:       It affects your intelligence (-2).
   Regen:     It increases your rate of health regeneration.
   Will:      It increases your willpower.
 i - the +0 helmet "Safeod" {rCorr}
   (You bought it in a shop on level 2 of the Orcish Mines)

   rCorr:     It protects you from acid and corrosion.
 y - a scarf of resistance (worn)
 E - a +4 chain mail of cold resistance
 M - the +3 warlock's mirror {omnireflect}
   (You found it on level 7 of the Dungeon)

   Omnireflect: It can block and reflect piercing ranged attacks and magical
   attacks against the wielder's willpower.
 T - a +2 pair of boots of stealth (worn)
 U - a +0 pair of gloves of strength (worn)
 W - a +1 plate armour of cold resistance
 Z - the +3 crown of Dyrovepreva (worn) {rElec Int+2 SInv}
   (You bought it in a shop on level 11 of the Dungeon)

   Int:       It affects your intelligence (+2).
   rElec:     It insulates you from electricity.
   SInv:      It lets you see invisible.
Jewellery
 j - a ring of fire
 r - a +5 ring of evasion (left hand)
 H - an amulet of regeneration
 I - a +4 ring of protection
 P - a ring of poison resistance (right hand)
 Q - an amulet of reflection (around neck)
 S - an amulet of guardian spirit
Wands
 p - a wand of polymorph (4)
 D - a wand of digging (8)
 F - a wand of light (3)
 G - a wand of paralysis (2)
 K - a wand of roots (8)
 R - a wand of flame (15)
Scrolls
 a - 2 scrolls of vulnerability
 g - 3 scrolls of fear
 k - 2 scrolls of amnesia
 m - 4 scrolls of poison
 o - 2 scrolls of immolation
 t - 11 scrolls of teleportation
 v - 2 scrolls of torment
 w - 2 scrolls of enchant armour
 z - 3 scrolls of silence
 B - 6 scrolls of blinking
 L - a scroll of summoning
 N - 4 scrolls of enchant weapon
Potions
 c - a potion of magic
 d - 5 potions of might
 h - 4 potions of haste
 l - 8 potions of heal wounds
 n - a potion of cancellation
 q - 15 potions of curing
 s - 5 potions of lignification
 u - 6 potions of attraction
 x - 6 potions of brilliance
 A - 5 potions of mutation
 J - 5 potions of flight
 O - 3 potions of ambrosia
Miscellaneous
 X - a piece from Xom's chessboard (15/15)


   Skills:
 + Level 10.8 Fighting
 - Level 16.0 Axes
 + Level 9.8 Armour
 + Level 10.0 Shields
 + Level 0.7 Spellcasting
 * Level 7.5 Necromancy
 - Level 14.0 Invocations


You had 15 spell levels left.
You didn't know any spells.
Your spell library contained the following spells:

 Spells                   Type           Power      Damage    Failure   Level
 Sublimation of Blood     Necr           17%        N/A       36%         2
 Kiss of Death            Conj/Necr      32%        2d7       75%         1
 Dispel Undead            Necr           17%        3d10      94%         4
 Foxfire                  Conj/Fire      0%         2x1d4     99%         1
 Freeze                   Ice            0%         1d3       99%         1
 Static Discharge         Conj/Air       0%         2-2/arc   100%        2
 Confusing Touch          Hex            0%         N/A       100%        3
 Dazzling Flash           Conj/Hex       0%         N/A       100%        3
 Kindle Blastsparks       Fire/Tloc/Air  0%         2d10      100%        3
 Summon Guardian Golem    Hex/Summ       0%         N/A       100%        3
 Tukima's Dance           Hex            0%         N/A       100%        3
 Vhi's Electric Charge    Tloc/Air       0%         N/A       100%        3
 Airstrike                Air            0%         2d(0-16)  100%        4
 Anguish                  Hex/Necr       4%         N/A       100%        4
 Cause Fear               Hex            0%         N/A       100%        4
 Fulminant Prism          Conj/Hex       0%         3d5       100%        4
 Ice Form                 Ice/Tmut       0%         N/A       100%        4
 Iskenderun's Mystic Bla  Conj/Tloc      0%         2d3       100%        4
 Passage of Golubria      Tloc           0%         N/A       100%        4
 Petrify                  Tmut/Erth      0%         N/A       100%        4
 Summon Lightning Spire   Summ/Air       0%         N/A       100%        4
 Agony                    Necr           17%        N/A       100%        5
 Arcjolt                  Conj/Air       0%         1d10      100%        5
 Fireball                 Conj/Fire      0%         3d3       100%        5
 Freezing Cloud           Conj/Ice/Air   0%         6-21      100%        5
 Irradiate                Conj/Tmut      0%         3d11      100%        5
 Lee's Rapid Deconstruct  Erth           0%         3d4*      100%        5
 Plasma Beam              Fire/Air       0%         2x1d11    100%        5
 Silence                  Hex/Air        0%         N/A       100%        5
 Summon Forest            Summ/Tloc      0%         N/A       100%        5
 Summon Mana Viper        Hex/Summ       0%         N/A       100%        5
 Yara's Violent Unravell  Hex/Tmut       0%         3d3       100%        5
 Death Channel            Necr           8%         N/A       100%        6
 Simulacrum               Ice/Necr       4%         N/A       100%        6
 Starburst                Conj/Fire      0%         6d3       100%        6
 Summon Cactus Giant      Summ           0%         N/A       100%        6
 Dragon Form              Tmut           0%         N/A       100%        7
 Orb of Destruction       Conj           0%         9d5       100%        7
 Spellforged Servitor     Conj/Summ      0%         N/A       100%        7
 Infestation              Necr           8%         N/A       100%        8
 Necromutation            Tmut/Necr      4%         N/A       100%        8
 Dragon's Call            Summ           0%         N/A       100%        9
 Polar Vortex             Ice            0%         N/A       100%        9


Dungeon Overview and Level Annotations

Branches:
Dungeon (12/15)            Temple (1/1) D:5            Lair (5/5) D:8
 Shoals (0/4) Lair:3       Spider (1/4) Lair:3        Slime (0/5) Lair:4
    Orc (2/2) D:12            Elf (0/3) Orc:2       Ossuary (visited)
  IceCv (visited)

Altars:
Cheibriados
Dithmenos
Fedhas
Gozag
Hepliaklqana
Kikubaaqudgha
Makhleb
Nemelex Xobeh
Okawaru
Qazlal
Ru
Sif Muna
Trog
Uskayaw
Vehumet
Wu Jian
Xom
Yredelemnul

Shops:
D:5 *   D:11 [   D:12 *   Orc:1 (   Orc:2 ([[

Annotations:
Temple 2 transporters
Spider:1 Donald


Innate Abilities, Weirdness & Mutations

You are completely covered in rugged brown scales. (AC +3, +7% HP)
You frequently emit foul miasma when damaged in melee.
You sometimes gain a little power by taking damage.
You have a tail ending in a sharp stinger.


Message History

You feel better.
Donald is no longer moving slowly.
The jumping spider leaps!
Donald is engulfed in dark miasma.
Donald looks as sick as possible!
You block Donald's attack.
The tarantella touches you but does no damage.
You regained 5 hp, and now have 103/121 hp.
Press: ? - help, v - describe, . - travel
Here: Donald, wielding a +5 double sword of draining, wearing a +0 chain mail and wearing a +2 kite shield of reflection (foul pestilence, heavily wounded, fast, strong, extremely poisoned, reflecting blocked projectiles)
The floor, spattered with blood.
Unknown command.
Donald blocks your attack.
Donald is heavily wounded.
You slice the tarantella!!
Donald is engulfed in dark miasma.
Donald looks as sick as possible!
Donald seems to slow down.
Donald says, "What's so minor about destruction?"
Donald hits you with a +5 double sword of draining!!
You focus on the pain.
You feel agile all of a sudden.
You feel drained. The tarantella misses you.
You take 38 damage, and have 65/115 hp.
MASSIVE DAMAGE!!
Donald blocks your attack.
You tail-slap Donald!
Donald is severely wounded.
You hit the tarantella.
Donald is no longer moving slowly.
The jumping spider leaps!
The tarantella touches you.
You are confused.
Donald is engulfed in dark miasma.
Donald looks as sick as possible!
Donald seems to slow down.
Donald hits you with a +5 double sword of draining!!
You feel drained.
* * * LOW HITPOINT WARNING * * *
You take 38 damage, and have 27/110 hp.
MASSIVE DAMAGE!!
You closely miss the tarantella.
Your tail-slap misses the tarantella.
The tarantella is almost dead.
You hit Donald but do no damage.
Donald is no longer moving slowly.
The tarantella touches you but does no damage.
The jumping spider leaps!
Donald is engulfed in dark miasma.
Donald looks as sick as possible!
Donald hits you with a +5 double sword of draining!!
* * * LOW HITPOINT WARNING * * *
You feel drained.
You die...

s.###. ...
..#..##..#
.......° ......##
.○°s..# ....# #
#@s# .##.####@#
......}†### ####
........#.###..##
...=.......#....#
................#
...............##
....#....##....#
....#.....##..##
... #....####..##


You could see Donald (fast, strong, extremely poisoned, reflecting), an orb
spider, a jumping spider and a tarantella.

Vanquished Creatures
  The ghost of UltraNumeron the Fighter, a journeyman MiCK of Xom (Orc:2)
  The ghost of mopl the Covert, a journeyman OpHW of Dithmenos (D:10)
  The ghost of adept the Severer, a journeyman HOFi of Wu Jian (D:10)
  The ghost of SamuraiZach the Fighter, a journeyman TrHu of Hepliaklqana (D:10)
  2 entropy weavers
  A fire dragon (Lair:5)
  A hydra (Lair:2)
  A catoblepas (Lair:5)
  2 boulder beetles
  3 two-headed ogres
  Erica (Lair:1)
  10 death yaks (Lair:5)
  Urug (Lair:1)
  Nergalle (D:10)
  2 skysharks (Lair:4)
  A swamp dragon (Lair:5)
  2 orb spiders (Spider:1)
  2 orc knights
  2 steelbarb worms
  A necromancer (IceCv)
  5 wolf spiders
  3 ugly things
  An orc sorcerer (Orc:1)
  23 elephants
  2 moths of wrath (Spider:1)
  An ice statue (IceCv)
  10 black mambas
  3 demonic crawlers (Spider:1)
  3 gargoyles
  9 cane toads
  An unseen horror (D:11)
  5 rime drakes
  11 komodo dragons
  2 kobold demonologists (D:11)
  2 freezing wraiths (IceCv)
  9 ice devils (IceCv)
  3 anaconda simulacra (IceCv)
  2 polar bears
  6 trolls
  11 blink frogs
  5 tarantellas
  Sigmund (D:3)
  5 jumping spiders (Spider:1)
  6 culicivoras
  A shadow (D:11)
  A vampire (D:11)
  57 yaks
  3 dire elephant simulacra (IceCv)
  6 wyverns
  2 steam dragons (Lair:5)
  Grum (D:11)
  7 basilisks
  4 death yak simulacra (IceCv)
  6 vampire mosquitoes
  11 redbacks
  Menkaure (Ossuary)
  2 wargs (Orc:2)
  3 harpy simulacra (IceCv)
  2 acid dragons (Lair:5)
  16 water moccasins
  2 hydra simulacra (IceCv)
  37 orc warriors
  An ice beast (D:6)
  2 black bears
  3 ogres
  3 wolves (D:11)
  17 centaurs
  A phantom (D:4)
  2 kobold brigands (D:11)
  9 bullfrogs
  A gnoll sergeant (D:5)
  A two-headed ogre simulacrum (IceCv)
  2 cane toad simulacra (IceCv)
  8 scorpions
  11 wights
  17 killer bees
  6 elephant simulacra (IceCv)
  2 electric eels
  A howler monkey (D:11)
  14 orc priests
  2 hounds (D:5)
  A gnoll bouda (D:9)
  A jelly (D:7)
  6 iguanas
  A sleepcap (D:8)
  Ijyb (D:5)
  26 orc wizards
  A spriggan simulacrum (IceCv)
  2 polar bear simulacra (IceCv)
  6 wolf simulacra (IceCv)
  4 mummies
  8 gnolls
  12 adders
  2 naga simulacra (IceCv)
  A shadow imp (D:6)
  2 white imps
  An ufetubus (IceCv)
  7 worms
  64 orcs
  4 bats
  9 endoplasms
  2 giant cockroaches
  9 hobgoblins
  A jackal (D:2)
  A quokka (D:1)
  11 ball pythons
  A frilled lizard (D:1)
  5 gnoll skeletons (Ossuary)
  A gnoll zombie (Ossuary)
  6 goblins
  3 goblin skeletons (Ossuary)
  7 goblin zombies (Ossuary)
  4 hobgoblin skeletons (Ossuary)
  7 hobgoblin zombies (Ossuary)
  13 kobolds
  7 kobold skeletons (Ossuary)
  4 kobold zombies (Ossuary)
  4 orc skeletons (Ossuary)
  2 orc zombies (Ossuary)
  5 rats
  2 rat skeletons (Ossuary)
  4 rat zombies (Ossuary)
689 creatures vanquished.

Vanquished Creatures (others)
  41 fungi
  102 plants
  4 withered plants (D:10)
147 creatures vanquished.

Grand Total: 836 creatures vanquished

Notes
Turn   | Place    | Note
-------+----------+-------------------------------------------
     0 | D:1      | Dirtsage the Demonspawn Fighter began the quest for the
                  | Orb.
     0 | D:1      | Reached XP level 1. HP: 18/18 MP: 1/1
    26 | D:1      | Reached skill level 2 in Axes
   187 | D:1      | Gained mutation: You have a small tail. [demonic ancestry]
   187 | D:1      | Reached XP level 2. HP: 24/24 MP: 2/2
   816 | D:2      | Reached skill level 3 in Axes
   990 | D:2      | Found a faded altar of an unknown god.
  1163 | D:2      | Gained mutation: You are partially covered in rugged brown
                  | scales. (AC +1, +3% HP) [demonic ancestry]
  1163 | D:2      | Reached XP level 3. HP: 23/29 MP: 3/3
  1598 | D:3      | Noticed Sigmund
  1605 | D:3      | Killed Sigmund
  1606 | D:3      | Reached skill level 5 in Axes
  1606 | D:3      | Gained mutation: You are mostly covered in rugged brown
                  | scales. (AC +2, +5% HP) [demonic ancestry]
  1606 | D:3      | Reached XP level 4. HP: 29/36 MP: 4/4
  1606 | D:3      | Reached XP level 5. HP: 34/43 MP: 5/5
  1612 | D:3      | Reached XP level 6. HP: 30/49 MP: 6/6
  1617 | D:3      | Reached skill level 6 in Axes
  1908 | D:3      | Found a blossoming altar of Fedhas.
  2359 | D:4      | Reached skill level 7 in Axes
  2418 | D:4      | Reached XP level 7. HP: 54/54 MP: 7/7
  2965 | D:5      | Entered Level 5 of the Dungeon
  3206 | D:5      | Reached skill level 8 in Axes
  3358 | D:5      | Identified the +6 whip "Grim" {drain, rElec Str+2 Stlth+}
  3407 | D:5      | Gained mutation: You may rarely emit foul miasma when
                  | damaged in melee. [demonic ancestry]
  3407 | D:5      | Reached XP level 8. HP: 55/60 MP: 8/8
  3714 | D:5      | Found a staircase to the Ecumenical Temple.
  3839 | Temple   | Entered the Ecumenical Temple
  3839 | Temple   | Found a transporter.
  3839 | Temple   | Found a transporter.
  3841 | Temple   | Found a transporter.
  3841 | Temple   | Found a transporter.
  3861 | Temple   | Became a worshipper of Makhleb the Destroyer
  3941 | D:5      | Reached skill level 9 in Axes
  3945 | D:5      | Found Minits's General Store.
  3952 | D:5      | Bought a +4 chain mail of cold resistance for 346 gold
                  | pieces
  4011 | D:5      | Noticed Ijyb
  4020 | D:5      | Killed Ijyb
  4262 | D:6      | Identified the staff of earth "Roskax" {rPois MP+9 Int-4
                  | Dex-3}
  4529 | D:6      | Reached skill level 10 in Axes
  4889 | D:6      | Reached skill level 11 in Axes
  4889 | D:6      | Gained mutation: You sometimes emit foul miasma when
                  | damaged in melee. [demonic ancestry]
  4889 | D:6      | Reached XP level 9. HP: 66/66 MP: 9/9
  5077 | D:7      | Reached * piety under Makhleb
  5176 | D:7      | Found the +3 warlock's mirror {omnireflect}
  5310 | D:7      | Identified the +3 rapier of Demonkind {elec, Fragile rElec
                  | Will+}
  5495 | D:7      | Found a sand-covered staircase.
  5505 | Ossuary  | Entered an ossuary
  5659 | Ossuary  | Reached ** piety under Makhleb
  5815 | Ossuary  | Noticed Menkaure
  5823 | Ossuary  | Killed Menkaure
  5835 | Ossuary  | Reached *** piety under Makhleb
  5894 | Ossuary  | Identified 3 scrolls of acquirement
  5899 | D:7      | Acquired 651 gold pieces
  5900 | D:7      | Acquired the +8 crystal plate armour of Contentment {Dex+2
                  | SInv}
  5901 | D:7      | Acquired the +4 plate armour of the Weaver {Will+ Regen+
                  | Str+4 Int-2}
  6319 | D:8      | Reached skill level 12 in Axes
  6332 | D:8      | Gained mutation: You sometimes gain a little power by
                  | taking damage. [demonic ancestry]
  6332 | D:8      | Reached XP level 10. HP: 76/76 MP: 10/10
  6628 | D:8      | Reached skill level 5 in Fighting
  6867 | D:8      | Reached **** piety under Makhleb
  6868 | D:8      | Reached skill level 1 in Invocations
  6892 | D:8      | Found a staircase to the Lair.
  6957 | D:8      | Reached skill level 5 in Shields
  6992 | D:8      | Acquired a +0 pair of gloves of strength
  7439 | D:9      | Reached skill level 5 in Armour
  7992 | D:10     | Entered Level 10 of the Dungeon
  7998 | D:10     | Found a runed translucent gate.
  8000 | D:10     | Found a runed translucent gate.
  8001 | D:10     | Found a runed translucent gate.
  8002 | D:10     | Noticed adept's ghost (journeyman HOFi)
  8002 | D:10     | Noticed SamuraiZach's ghost (journeyman TrHu)
  8002 | D:10     | Noticed mopl's ghost (journeyman OpHW)
  8041 | D:10     | Found a hide-covered altar of Uskayaw.
  8156 | D:10     | Noticed a gargoyle
  8178 | D:10     | Killed a gargoyle
  8231 | D:10     | Noticed Nergalle
  8231 | D:10     | Noticed a two-headed ogre
  8250 | D:10     | Killed Nergalle
  8251 | D:10     | Reached skill level 13 in Axes
  8251 | D:10     | Gained mutation: You have a tail ending in a sharp stinger.
                  | [demonic ancestry]
  8251 | D:10     | Reached XP level 11. HP: 69/84 MP: 14/14
  8256 | D:10     | Killed a two-headed ogre
  8257 | D:10     | Reached skill level 5 in Invocations
  8408 | D:10     | Found a shimmering altar of Xom.
  8413 | D:10     | Identified the +0 leather armour of the Hurling Gods
                  | {Int+4}
  8534 | D:10     | Found a shadowy altar of Dithmenos.
  8771 | Lair:1   | Entered Level 1 of the Lair of Beasts
  9077 | Lair:1   | Noticed Urug
  9089 | Lair:1   | Killed Urug
  9122 | Lair:1   | Noticed Erica
  9127 | Lair:1   | Killed Erica
  9360 | Lair:1   | Reached ***** piety under Makhleb
  9550 | Lair:1   | Noticed a wolf spider
  9561 | Lair:1   | Killed a wolf spider
  9591 | Lair:1   | Noticed a wolf spider
  9599 | Lair:1   | Killed a wolf spider
  9644 | Lair:1   | Reached XP level 12. HP: 84/95 MP: 18/18
  9931 | Lair:2   | Reached skill level 14 in Axes
 10062 | Lair:2   | Noticed an eight-headed hydra
 10076 | Lair:2   | Killed an eight-headed hydra
 10282 | Lair:2   | Reached skill level 10 in Invocations
 10707 | Lair:3   | Noticed a boulder beetle
 10756 | Lair:3   | Killed a boulder beetle
 10847 | Lair:3   | Found a hole to the Spider Nest.
 10983 | Lair:3   | Found a staircase to the Shoals.
 11517 | Lair:4   | Gained mutation: You are completely covered in rugged brown
                  | scales. (AC +3, +7% HP) [demonic ancestry]
 11517 | Lair:4   | Reached XP level 13. HP: 94/104 MP: 21/21
 11913 | Lair:4   | Reached skill level 15 in Axes
 11951 | Lair:4   | Reached ****** piety under Makhleb
 11952 | Lair:4   | Found a frozen archway.
 11961 | IceCv    | Entered an ice cave
 12133 | IceCv    | Found an ancient bone altar of Kikubaaqudgha.
 12469 | IceCv    | Got Sif Muna's Incunable of Ghoulish Frost
 12762 | Lair:4   | Found a staircase to the Slime Pits.
 13267 | Lair:5   | Entered Level 5 of the Lair of Beasts
 13440 | Lair:5   | Reached skill level 1 in Necromancy
 13466 | Lair:5   | Gained mutation: You frequently emit foul miasma when
                  | damaged in melee. [demonic ancestry]
 13466 | Lair:5   | Reached XP level 14. HP: 115/115 MP: 22/24
 14831 | D:10     | Killed mopl's ghost
 14835 | D:10     | Killed adept's ghost
 14845 | D:10     | Killed SamuraiZach's ghost
 14946 | D:11     | Reached skill level 16 in Axes
 15028 | D:11     | Found Cecwuy's Antique Armour Emporium.
 15031 | D:11     | Bought the +3 crown of Dyrovepreva {rElec Int+2 SInv} for
                  | 1242 gold pieces
 15031 | D:11     | Found the +3 crown of Dyrovepreva {rElec Int+2 SInv}
 15124 | D:11     | Noticed Grum
 15159 | D:11     | Killed Grum
 15441 | D:11     | Reached skill level 10 in Fighting
 15638 | D:12     | Found Dugan's General Store.
 16250 | D:12     | Found a staircase to the Orcish Mines.
 16261 | Orc:1    | Entered Level 1 of the Orcish Mines
 16275 | Orc:1    | Found Otuff's Weapon Shop.
 16515 | Orc:1    | Reached skill level 5 in Necromancy
 16739 | Orc:2    | Entered Level 2 of the Orcish Mines
 16776 | Orc:2    | Found a staircase to the Elven Halls.
 16904 | Orc:2    | Found a runed translucent door.
 16905 | Orc:2    | Noticed UltraNumeron's ghost (journeyman MiCK)
 16998 | Orc:2    | Killed UltraNumeron's ghost
 17217 | Orc:2    | Reached XP level 15. HP: 125/125 MP: 25/25
 17254 | Orc:2    | Found Humn's Armour Boutique.
 17254 | Orc:2    | Found Wurroeb's Antique Weapon Shoppe.
 17256 | Orc:2    | Found Wiepuoto's Magic Scroll Emporium.
 17258 | Orc:2    | Found Tasekoq's Antique Armour Shop.
 17272 | Orc:2    | Bought a translucent helmet for 294 gold pieces
 17272 | Orc:2    | Identified the +0 helmet "Safeod" {rCorr} (You bought it in
                  | a shop on level 2 of the Orcish Mines)
 17274 | Orc:2    | Bought the +5 Storm Queen's Shield {shock, Fly rElec} for
                  | 775 gold pieces
 17274 | Orc:2    | Found the +5 Storm Queen's Shield {shock, Fly rElec}
 17690 | Spider:1 | Entered Level 1 of the Spider Nest
 18263 | Spider:1 | Reached skill level 10 in Shields
 18344 | Spider:1 | Noticed Donald
 18356 | Spider:1 | HP: 2/110 [Donald/+5 double sword of draining (26)]
 18356 | Spider:1 | Mangled by Donald

Illustrated notes

Levels and vault maps discovered:
D:1:      minmay_arrival_four_circles, layout_basic
D:2:      minmay_razor_zed, layout_basic,
          hellmonk_ecumenical_altar_pennies_from_heaven
D:3:      layout_rooms, mainiacjoe_overflow_surrounded_room,
          minmay_misc_feat_nine_boxes, uniq_sigmund
D:4:      layout_basic
D:5:      layout_layer_cave, minmay_temple_entry_wispy, serial_bayou,
          serial_bayou_shore_b, serial_bayou_ford_a, serial_bayou_shore_b,
          serial_bayou_pond_b, serial_shops, shop, small_statue_intersection,
          serial_park_tiny_2, uniq_ijyb
D:6:      layout_cave_pools
D:7:      layout_loops_ring, gup_ossuary_entry_pyramid,
          amcnicky_mini_pool_small, nrook_campfire
D:8:      layout_gridville, minmay_lair_entry_grove
D:9:      layout_roguey, tso_oasis_becter
D:10:     layout_roguey, grunt_dithmenos_smoke, lemuel_coloured_pillars_altar,
          kennysheep_little_box, gammafunk_ghost_cemetery, uniq_nergalle
D:11:     layout_long_grid, serial_shops, nicolae_shop_behind_doors,
          skrybe_limestone_x, uniq_grum
D:12:     layout_layer_cave, david_orc_4, serial_shops, nicolae_shop_waterfront
Temple:   hellmonk_temple_divided_pantheon
Lair:1:   minmay_lair_venomous_thicket, layout_cave_pods, lemuel_fruit_tree,
          infiniplex_staircase_pool, uniq_erica, uniq_urug
Lair:2:   layout_roguey, nicolae_quartered_pool_medium, grunt_megastairs_3
Lair:3:   layout_cave_shapes, minmay_shoals_entry_centaurs,
          nicolae_spider_entry_non_spiders, chequers_serial_rivers_room_a,
          beast_lair_carwin_9
Lair:4:   layout_cave_pods, dpeg_slime_entry_corner,
          portal_ice_cave_entry_pillars_2, serial_rivers,
          chequers_serial_rivers_small_3, chequers_serial_rivers_micro_d,
          chequers_serial_rivers_room_b, chequers_serial_rivers_room_b,
          serial_bayou_shore_a
Lair:5:   guppyfry_lair_end_dragon, layout_regular_city
Spider:1: layout_spider_delve, hellmonk_spider_spawner, uniq_donald
Orc:1:    layout_caves, serial_shops, shop
Orc:2:    st_orc_rangers, layout_diamond_mine, ebering_ghost_inner_flame

Skill      XL: |  1  2  3  4  5  6  7  8  9 10 11 12 13 14 15 |
---------------+----------------------------------------------+-----
Axes           | 2 3 5 7 8 11 12 13 14 15 16 | 16.0
Shields        | 4 5 6 7 8 9 10 | 10.0
Armour         | 4 5 6 7 8 9 |  9.8
Fighting       | 4 6 7 8 9 10 | 10.8
Invocations    | 4 8 11 13 14 | 14.0
Necromancy     | 1 6 7 |  7.5
Spellcasting   | |  0.7

Action                     |  1- 3 |  4- 6 |  7- 9 | 10-12 | 13-15 || total
---------------------------+-------+-------+-------+-------+-------++-------
  Melee: War axe           |    86 |    69 |   143 |   137 |       ||   435
         Tailslap          |     7 |     8 |    68 |   104 |   204 ||   391
         Whip              |       |       |   327 |    19 |       ||   346
         Broad axe         |       |       |       |   449 |  1131 ||  1580
 Invoke: Lesser Servant of |       |       |       |     1 |     1 ||     2
  Evoke: Wand              |       |       |       |    11 |     1 ||    12
    Use: Potion            |     1 |       |     3 |     1 |     2 ||     7
         Scroll            |       |       |    13 |     7 |     9 ||    29
   Stab: Paralysed         |       |       |       |     3 |       ||     3
         Invisible         |       |       |       |     1 |       ||     1
         Petrified         |       |       |       |       |     3 ||     3
 Armour: Scale mail        |    38 |    36 |    22 |       |       ||    96
         Chain mail        |       |       |   112 |       |       ||   112
         Plate armour      |       |       |    19 |   323 |   516 ||   858
  Dodge: Dodged            |    51 |    39 |   220 |   358 |   536 ||  1204
  Block: Buckler           |    24 |     9 |   107 |   304 |   430 ||   874
         Reflection        |       |       |       |    15 |    57 ||    72
         Kite shield       |       |       |       |       |   168 ||   168

Table legend: (Time is in decaauts)
 A = Elapsed time spent in this place.
 B = Non-inter-level travel time spent in this place.
 C = Inter-level travel time spent in this place.
 D = Time resting spent in this place.
 E = Time spent auto-exploring this place.
 F = Levels seen in this place.
 G = Mean time per level.
                   A        B        C        D        E       F      G
               +--------+--------+--------+--------+--------+-----+--------+
         Total |  18184 |  17028 |   1156 |    708 |  12152 |  23 |  790.6 |
       Dungeon |  10003 |   9268 |    735 |    364 |   7171 |  12 |  833.6 |
        Temple |     37 |     28 |      9 |      0 |      6 |   1 |   37.0 |
          Lair |   5569 |   5188 |    381 |    296 |   3492 |   5 | 1113.8 |
   Spider Nest |    502 |    502 |      0 |     34 |    301 |   1 |  502.0 |
  Orcish Mines |   1109 |   1080 |     29 |     13 |    720 |   2 |  554.5 |
       Ossuary |    370 |    370 |      0 |      0 |    199 |   1 |  370.0 |
      Ice Cave |    591 |    591 |      0 |      0 |    262 |   1 |  591.0 |
               +--------+--------+--------+--------+--------+-----+--------+

Top non-repeatable levels by time:
  Lair:5: 1289 daAuts
     D:5: 1266 daAuts
  Lair:4: 1209 daAuts
     D:8: 1205 daAuts
  Lair:1: 1125 daAuts
  Lair:3: 1006 daAuts
  Lair:2: 939 daAuts
    D:10: 882 daAuts
     D:2: 839 daAuts
     D:7: 803 daAuts
     D:3: 772 daAuts
    D:12: 761 daAuts
     D:6: 743 daAuts
     D:4: 726 daAuts
     D:1: 688 daAuts
